SAA
CHESAPEAKE CONTINENTALS @ PHOENIX HOTSPUR YOUTH
08/08/2027
 
TOP OF THE 1ST
Chesapeake Continentals batting - Pitching for Phoenix Hotspur Youth : RHP John Ball
Pitching: RHP John Ball
Batting: RHB Alberto Esquivel 0-0: Called Strike
0-1: Swinging Strike
0-2: Ball
1-2: Foul Ball, location: 2F
1-2: Strikes out looking
Batting: RHB Jouo Hirschovits 0-0: Called Strike
0-1: Called Strike
0-2: Strikes out swinging
Batting: RHB Juan Chávez 0-0: Ball
1-0: Ball
2-0: Swinging Strike
2-1: Ground out 5-3 (Groundball, 5)
Top of the 1st over - 0 run(s), 0 hit(s), 0 error(s), 0 left on base; Chesapeake 0 - Phoenix Hotspur 0
BOTTOM OF THE 1ST
Phoenix Hotspur Youth batting - Pitching for Chesapeake Continentals : RHP Francisco Sandoval
Pitching: RHP Francisco Sandoval
Batting: RHB Pierre Bernard 0-0: Ball
1-0: Bunt for hit - play at first, batter OUT! 1-3
Batting: LHB Kenny Scott 0-0: Foul Ball, location: 2F
0-1: Ball
1-1: Ball
2-1: Fly out, F8 (Flyball, 78M)
Batting: LHB Roberto Fierro 0-0: Ground out 5-3 (Groundball, 56)
Bottom of the 1st over - 0 run(s), 0 hit(s), 0 error(s), 0 left on base; Chesapeake 0 - Phoenix Hotspur 0
TOP OF THE 2ND
Chesapeake Continentals batting - Pitching for Phoenix Hotspur Youth : RHP John Ball
Batting: RHB Rudko Hrnjak 0-0: Ball
1-0: Ball
2-0: Foul Ball, location: 2F
2-1: Fly out, F4 (Popup, 4)
Batting: RHB Júlio Vargas 0-0: Ball
1-0: Swinging Strike
1-1: Ball
2-1: Fly out, F9 (Line Drive, 9)
Batting: RHB Jorge Alfiche 0-0: Called Strike
0-1: Swinging Strike
0-2: Ball
1-2: Ball
2-2: SINGLE (Groundball, 56D)
Batting: LHB Miguel Gazivoda 0-0: Ball
1-0: Called Strike
1-1: Foul Ball, location: 2F
1-2: Fly out, F8 (Flyball, 8RM)
Top of the 2nd over - 0 run(s), 1 hit(s), 0 error(s), 1 left on base; Chesapeake 0 - Phoenix Hotspur 0
BOTTOM OF THE 2ND
Phoenix Hotspur Youth batting - Pitching for Chesapeake Continentals : RHP Francisco Sandoval
Batting: RHB Takashi Miike 0-0: Called Strike
0-1: Fly out, F8 (Flyball, 8LD)
Batting: RHB David Rivas 0-0: DOUBLE (Line Drive, 9LM)
Batting: LHB António Escalante 0-0: Ball
1-0: Called Strike
1-1: Swinging Strike
1-2: Foul Ball, location: 2F
1-2: Ball
2-2: SINGLE (Groundball, 4D)
David Rivas to third
Runner from 3rd tries for Home, SAFE, no throw
Batting: RHB Hieronymus Bosch 0-0: Called Strike
0-1: Ball
1-1: Fly out, F9 (Flyball, 9)
Batting: RHB Enrico Sánchez 0-0: Swinging Strike
0-1: Ball
1-1: Ball
2-1: Fly out, F4 (Line Drive, 34)
Bottom of the 2nd over - 1 run(s), 2 hit(s), 0 error(s), 1 left on base; Chesapeake 0 - Phoenix Hotspur 1
TOP OF THE 3RD
Chesapeake Continentals batting - Pitching for Phoenix Hotspur Youth : RHP John Ball
Batting: RHB Dave Yates 0-0: Ball
1-0: Called Strike
1-1: Bunted foul
1-2: Fly out, F4 (Popup, 4)
Batting: RHB Marcos Alfaro 0-0: Ball
1-0: Fly out, F7 (Flyball, 78M)
Batting: RHB Alberto Esquivel 0-0: Ball
1-0: Swinging Strike
1-1: Foul Ball, location: 2F
1-2: Foul Ball, location: 2F
1-2: Foul Ball, location: 2F
1-2: Strikes out swinging
Top of the 3rd over - 0 run(s), 0 hit(s), 0 error(s), 0 left on base; Chesapeake 0 - Phoenix Hotspur 1
BOTTOM OF THE 3RD
Phoenix Hotspur Youth batting - Pitching for Chesapeake Continentals : RHP Francisco Sandoval
Batting: RHB Phillip Mendizabal 0-0: Fly out, F6 (Popup, 6)
Batting: RHB Pierre Bernard 0-0: Foul Ball, location: 2F
0-1: Ball
1-1: Ground out U3 (Groundball, 3)
Batting: LHB Kenny Scott 0-0: Foul Ball, location: 2F
0-1: Ball
1-1: Foul Ball, location: 2F
1-2: Ball
2-2: Strikes out looking
Bottom of the 3rd over - 0 run(s), 0 hit(s), 0 error(s), 0 left on base; Chesapeake 0 - Phoenix Hotspur 1
TOP OF THE 4TH
Chesapeake Continentals batting - Pitching for Phoenix Hotspur Youth : RHP John Ball
Batting: RHB Jouo Hirschovits 0-0: Called Strike
0-1: Ball
1-1: Foul Ball, location: 2F
1-2: SINGLE (Flyball, 56D)
Batting: RHB Juan Chávez 0-0: Ball
1-0: Foul Ball, location: 2F
1-1: Foul Ball, location: 2F
1-2: Strikes out looking
Batting: RHB Rudko Hrnjak 0-0: Fly out, F9 (Flyball, 9LS)
Batting: RHB Júlio Vargas 0-0: Ball
1-0: Called Strike
1-1: Ball
2-1: Ball
3-1: Base on Balls
Jouo Hirschovits to second
Batting: RHB Jorge Alfiche 0-0: Called Strike
0-1: Ball
1-1: Fly out, F6 (Popup, 6)
Top of the 4th over - 0 run(s), 1 hit(s), 0 error(s), 2 left on base; Chesapeake 0 - Phoenix Hotspur 1
BOTTOM OF THE 4TH
Phoenix Hotspur Youth batting - Pitching for Chesapeake Continentals : RHP Francisco Sandoval
Batting: LHB Roberto Fierro 0-0: SINGLE (Line Drive, 78M)
Batting: RHB Takashi Miike 0-0: Foul Ball, location: 2F
0-1: Ball
1-1: Fielders Choice at 2nd, 6-4 (Groundball, 6M)
Batting: RHB David Rivas 0-0: Ball
1-0: Foul Ball, location: 2F
1-1: Ball
2-1: Foul Ball, location: 2F
2-2: SINGLE (Groundball, 3D)
Takashi Miike to second
Runner from 2nd tries for 3rd, SAFE, no throw
Batting: LHB António Escalante 0-0: Ball
1-0: Called Strike
1-1: Ground out U3 (Groundball, 3)
Takashi Miike scores
David Rivas to second
Batting: RHB Hieronymus Bosch 0-0: Called Strike
David Rivas steals 3rd base
0-1: Ball
1-1: Foul Ball, location: 2F
1-2: Fly out, F6 (Popup, 5D)
Bottom of the 4th over - 1 run(s), 2 hit(s), 0 error(s), 1 left on base; Chesapeake 0 - Phoenix Hotspur 2
TOP OF THE 5TH
Chesapeake Continentals batting - Pitching for Phoenix Hotspur Youth : RHP John Ball
Batting: LHB Miguel Gazivoda 0-0: Ball
1-0: Ball
2-0: Foul Ball, location: 2F
2-1: Ball
3-1: Called Strike
3-2: Fly out, F8 (Flyball, 8RS)
Batting: RHB Dave Yates 0-0: Ball
1-0: Ball
2-0: Ground out 6-3 (Groundball, 6)
Batting: RHB Marcos Alfaro 0-0: Called Strike
0-1: Ball
1-1: Ball
2-1: Ball
3-1: Fly out, F8 (Flyball, 8LD)
Top of the 5th over - 0 run(s), 0 hit(s), 0 error(s), 0 left on base; Chesapeake 0 - Phoenix Hotspur 2
BOTTOM OF THE 5TH
Phoenix Hotspur Youth batting - Pitching for Chesapeake Continentals : RHP Francisco Sandoval
Batting: RHB Enrico Sánchez 0-0: Ball
1-0: Called Strike
1-1: Called Strike
1-2: Fly out, F8 (Line Drive, 8LM)
Batting: RHB Phillip Mendizabal 0-0: Fly out, F8 (Flyball, 8LD)
Batting: RHB Pierre Bernard 0-0: Called Strike
0-1: Ground out 4-3 (Groundball, 4)
Bottom of the 5th over - 0 run(s), 0 hit(s), 0 error(s), 0 left on base; Chesapeake 0 - Phoenix Hotspur 2
TOP OF THE 6TH
Chesapeake Continentals batting - Pitching for Phoenix Hotspur Youth : RHP John Ball
Batting: RHB Alberto Esquivel 0-0: Ball
1-0: Foul Ball, location: 2F
1-1: Foul Ball, location: 2F
1-2: Foul Ball, location: 2F
1-2: Foul Ball, location: 2F
1-2: Foul Ball, location: 2F
1-2: Ball
2-2: Ball
3-2: Strikes out swinging
Batting: RHB Jouo Hirschovits 0-0: Called Strike
0-1: Called Strike
0-2: Strikes out swinging
Batting: RHB Juan Chávez 0-0: Called Strike
0-1: Foul Ball, location: 2F
0-2: Ball
1-2: SINGLE (Flyball, 8RS)
Batting: RHB Rudko Hrnjak 0-0: Ball
1-0: Ball
2-0: Ball
3-0: Called Strike
3-1: SINGLE (Line Drive, 8LS)
Juan Chávez to second
Batting: RHB Júlio Vargas 0-0: Ball
1-0: Ball
2-0: Called Strike
2-1: Swinging Strike
2-2: Fly out, F9 (Flyball, 9S)
Top of the 6th over - 0 run(s), 2 hit(s), 0 error(s), 2 left on base; Chesapeake 0 - Phoenix Hotspur 2
BOTTOM OF THE 6TH
Phoenix Hotspur Youth batting - Pitching for Chesapeake Continentals : RHP Francisco Sandoval
Batting: LHB Kenny Scott 0-0: Foul Ball, location: 2F
0-1: Ball
1-1: Ground out 4-3 (Groundball, 4)
Batting: LHB Roberto Fierro 0-0: Called Strike
0-1: Called Strike
0-2: Ball
1-2: Hit by Pitch
Batting: RHB Takashi Miike 0-0: Ball
Roberto Fierro steals 2nd base
1-0: Foul Ball, location: 2F
1-1: Called Strike
1-2: Reached on error, E4 (Line Drive, 4M)
Roberto Fierro to third
Batting: RHB David Rivas 0-0: Ball
1-0: Swinging Strike
1-1: Foul Ball, location: 2F
1-2: Strikes out swinging
Batting: LHB António Escalante 0-0: Called Strike
0-1: Ball
1-1: Ball
2-1: Foul Ball, location: 2F
2-2: Ball
3-2: Base on Balls
Takashi Miike to second
Batting: RHB Hieronymus Bosch 0-0: Called Strike
0-1: Foul Ball, location: 2F
0-2: Ball
1-2: Strikes out looking
Bottom of the 6th over - 0 run(s), 0 hit(s), 1 error(s), 3 left on base; Chesapeake 0 - Phoenix Hotspur 2
TOP OF THE 7TH
Chesapeake Continentals batting - Pitching for Phoenix Hotspur Youth : RHP John Ball
Batting: RHB Jorge Alfiche 0-0: Fly out, F9 (Line Drive, 89M)
Batting: LHB Miguel Gazivoda 0-0: Ball
1-0: Ball
2-0: Foul Ball, location: 2F
2-1: Swinging Strike
2-2: Strikes out swinging
Batting: RHB Dave Yates 0-0: Called Strike
0-1: Foul Ball, location: 2F
0-2: Ball
1-2: Ball
2-2: Strikes out swinging
Top of the 7th over - 0 run(s), 0 hit(s), 0 error(s), 0 left on base; Chesapeake 0 - Phoenix Hotspur 2
BOTTOM OF THE 7TH
Phoenix Hotspur Youth batting - Pitching for Chesapeake Continentals : RHP Francisco Sandoval
Batting: RHB Enrico Sánchez 0-0: Ball
1-0: SOLO HOME RUN (Flyball, 78XD), Distance : 412 ft
Batting: RHB Phillip Mendizabal 0-0: Ball
1-0: Ball
2-0: Foul Ball, location: 2F
2-1: Swinging Strike
2-2: Ball
3-2: Foul Ball, location: 2F
3-2: Foul Ball, location: 2F
3-2: Foul Ball, location: 2F
3-2: Base on Balls
Batting: RHB Pierre Bernard 0-0: Called Strike
0-1: Bunt missed!
0-2: Ball
Wild Pitch!
Phillip Mendizabal to second
1-2: Foul Ball, location: 2F
1-2: Strikes out swinging
Batting: LHB Kenny Scott 0-0: Called Strike
0-1: Foul Ball, location: 2F
0-2: Foul Ball, location: 2F
0-2: Foul Ball, location: 2F
0-2: Ball
1-2: Strikes out looking
Pitching: RHP Obadiah Small
Batting: LHB Roberto Fierro 0-0: Ground out 6-3 (Groundball, 6)
Bottom of the 7th over - 1 run(s), 1 hit(s), 0 error(s), 1 left on base; Chesapeake 0 - Phoenix Hotspur 3
TOP OF THE 8TH
Chesapeake Continentals batting - Pitching for Phoenix Hotspur Youth : RHP John Ball
Batting: RHB Marcos Alfaro 0-0: Called Strike
0-1: Foul Ball, location: 2F
0-2: Ball
1-2: Ground out 5-3 (Groundball, 5)
Pitching: LHP Raúl Gonzáles
Batting: RHB Alberto Esquivel 0-0: Called Strike
0-1: Ball
1-1: Ball
2-1: Swinging Strike
2-2: Ball
3-2: Strikes out swinging
Batting: RHB Jouo Hirschovits 0-0: Ball
1-0: Ball
2-0: Called Strike
2-1: Ball
3-1: Called Strike
3-2: Foul Ball, location: 2F
3-2: Fly out, F8 (Flyball, 8LM)
Top of the 8th over - 0 run(s), 0 hit(s), 0 error(s), 0 left on base; Chesapeake 0 - Phoenix Hotspur 3
BOTTOM OF THE 8TH
Phoenix Hotspur Youth batting - Pitching for Chesapeake Continentals : RHP Obadiah Small
Batting: RHB Takashi Miike 0-0: Called Strike
0-1: Ball
1-1: Ball
2-1: Foul Ball, location: 2F
2-2: Ball
3-2: Base on Balls
Batting: RHB David Rivas 0-0: Ball
1-0: Swinging Strike
1-1: Ball
2-1: Ball
3-1: Base on Balls
Takashi Miike to second
Batting: LHB António Escalante 0-0: Sac Bunt - play at first, batter OUT! 1-3
Takashi Miike to third
David Rivas to second
Batting: RHB Hieronymus Bosch 0-0: Ball
1-0: Foul Ball, location: 2F
1-1: Ball
2-1: Foul Ball, location: 2F
2-2: Foul Ball, location: 2F
2-2: Foul Ball, location: 2F
2-2: Foul Ball, location: 2F
2-2: Strikes out swinging
Batting: RHB Enrico Sánchez 0-0: Called Strike
0-1: Foul Ball, location: 2F
0-2: Strikes out swinging
Bottom of the 8th over - 0 run(s), 0 hit(s), 0 error(s), 2 left on base; Chesapeake 0 - Phoenix Hotspur 3
TOP OF THE 9TH
Chesapeake Continentals batting - Pitching for Phoenix Hotspur Youth : LHP Raúl Gonzáles
Pitching: RHP Vernon Turner
Batting: RHB Juan Chávez 0-0: Called Strike
0-1: Ball
1-1: Ball
2-1: Foul Ball, location: 2F
2-2: Foul Ball, location: 2F
2-2: Ball
3-2: Foul Ball, location: 2F
3-2: DOUBLE (Flyball, 78D)
Batting: RHB Rudko Hrnjak 0-0: Ball
1-0: Foul Ball, location: 2F
1-1: Ball
2-1: Ground out 6-3 (Groundball, 6)
Batting: RHB Júlio Vargas 0-0: Ball
1-0: Ball
2-0: Ball
3-0: Foul Ball, location: 2F
3-1: Fly out, F9 (Flyball, 9S)
Batting: RHB Jorge Alfiche 0-0: Foul Ball, location: 2F
0-1: Ground out 1-3 (Groundball, 13S)
Top of the 9th over - 0 run(s), 1 hit(s), 0 error(s), 1 left on base; Chesapeake 0 - Phoenix Hotspur 3
Saturday, May 26th, 2018 - OOTP Baseball 17.12 Build 75